 Dungeon Crawl Stone Soup version 0.20.0 (webtiles) character file.

56 Eucla the Changer (level 3, 0/23 HPs)
             Began as an Octopode Transmuter on May 31, 2017.
             Succumbed to an adder's poison
             ... on level 2 of the Dungeon.
             The game lasted 00:01:39 (893 turns).

Eucla the Changer (Octopode Transmuter)              Turns: 893, Time: 00:01:39

Health: 0/23       AC:  1    Str: 14    XL:     3   Next: 97%
Magic:  6/6        EV: 13    Int: 15    God:
Gold:   69         SH:  0    Dex: 13    Spells: 0/6 levels left

rFire    + . .     SeeInvis .   e - +0 whip (vamp)
rCold    x . .     Gourm    .   (no shield)
rNeg     . . .     Faith    .   (helmet restricted)
rPois    .         Spirit   .   (no amulet)
rElec    .         Reflect  .   j - ring of fire
rCorr    .         Harm     .   (no ring)
MR       .....                  (no ring)
Stlth    ++........             (no ring)
Regen    0.1/turn               (no ring)
MPRegen  0.1/turn               (no ring)
                                (no ring)
                                (no ring)

@: mighty, lethally poisoned (0 -> -1)
A: almost no armour, stealthy swim, amphibious, 8 rings, constrict 8, camouflage
1, gelatinous body 1
a: no special abilities


You were on level 2 of the Dungeon.
You were not hungry.

You visited 1 branch of the dungeon, and saw 2 of its levels.

You collected 69 gold pieces.

Inventory:

Hand Weapons
 e - a +0 vampiric whip (weapon)
Missiles
 a - 34 arrows
Jewellery
 j - a ring of fire (left tentacle)
 n - an uncursed ring of poison resistance {unknown}
Scrolls
 d - a scroll of blinking {unknown}
 h - a scroll of magic mapping {unknown}
 i - 2 scrolls of amnesia {unknown}
 m - a scroll of identify {unknown}
Potions
 l - a potion of curing {unknown}
Books
 b - a book of Changes

   Spells                             Type                      Level
   a - Beastly Appendage              Transmutation                1
   b - Sticks to Snakes               Transmutation                2
   c - Spider Form                    Transmutation/Poison         3
   d - Ice Form                       Ice/Transmutation            4
   e - Blade Hands                    Transmutation                5
Comestibles
 c - a bread ration
 g - 2 meat rations


   Skills:
 - Level 1.0 Fighting
 - Level 2.0 Dodging
 - Level 3.0 Unarmed Combat
 + Level 2.3 Spellcasting
 * Level 3.8 Transmutations


You couldn't memorise any spells.
You knew the following spells:

 Your Spells              Type           Power        Failure   Level  Hunger
a - Beastly Appendage     Tmut           ##....       4%          1    #......
b - Sticks to Snakes      Tmut           ##......     7%          2    ###....
c - Spider Form           Tmut/Pois      #.........   28%         3    ###....


Dungeon Overview and Level Annotations

Branches:
Dungeon (2/15)

Altars:


Innate Abilities, Weirdness & Mutations

You cannot wear most types of armour.
You are very stealthy in the water. (Stealth+)
You are amphibious.
You can wear up to eight rings at the same time.
You can use your tentacles to constrict eight enemies at once.
Your skin changes colour to match your surroundings (Stealth+).
Your rubbery body absorbs attacks. (AC +1, EV +1)


Message History

There is an open door here.
You feel sick.
A worm comes into view.
A worm is nearby!
A worm is nearby!
You feel sick.
A worm is nearby!
The worm bites you.
You hit the worm. Your grab misses the worm. You squeeze the worm.
The worm is moderately wounded.
You hit the worm. Your grab misses the worm. Your squeeze misses the worm.
The worm is moderately wounded.
You feel sick. The worm bites you!
* * * LOW HITPOINT WARNING * * *
You are too injured to fight recklessly!
Unknown command.
It was a potion of cancellation.
You feel magically purged.
It was a potion of might.
You feel very mighty all of a sudden.
You die...

..... ...# ..#######
#.......# #.......##.# #
#........#.#
#.##########........#.#
###..........'..........#
........w@..##...[......#
###########..#.####.....#
##.#.# #.....# ...#
#.....# #..# #†....# #..#
#.....# #.## #.....#
#..###.....##
#............


You could see a worm.

Vanquished Creatures
  An adder (D:2)
  An ooze (D:1)
  3 dart slugs (D:1)
  3 leopard geckos (D:1)
  2 giant cockroaches (D:1)
  3 goblins (D:1)
  5 hobgoblins (D:1)
  5 bats
  3 frilled lizards (D:1)
  4 kobolds
  4 rats (D:1)
34 creatures vanquished.

Notes
Turn   | Place    | Note
-------+----------+-------------------------------------------
     0 | D:1      | Eucla the Octopode Transmuter began the quest for the Orb.
     0 | D:1      | Reached XP level 1. HP: 13/13 MP: 3/3
   142 | D:1      | Reached XP level 2. HP: 18/18 MP: 5/5
   426 | D:1      | Learned a level 2 spell: Sticks to Snakes
   445 | D:1      | Reached XP level 3. HP: 6/23 MP: 6/6
   813 | D:1      | Learned a level 3 spell: Spider Form
   889 | D:2      | HP: 1/23 [worm (10)]
   893 | D:2      | Succumbed to an adder's poison

Skill      XL: |  1  2 |
---------------+-------+-----
Transmutations | 3 |  3.8
Fighting       | |  1.0
Dodging        | |  2.0
Unarmed Combat | |  3.0
Spellcasting   | |  2.3

Action                   || total
-------------------------++-------
Melee: Unarmed           ||    15
       Whip              ||    78
       Constrict         ||    25
       Tentacles         ||    11
       Punch             ||     1
  Use: Potion            ||     2
 Stab: Sleeping          ||     3
  Eat: Bread ration      ||     1
Armor: Skin              ||     8
Dodge: Dodged            ||    73
